 Dungeon Crawl Stone Soup version 0.18-a0-1243-g9e52518 (webtiles) character file.

33704 Foomius the Spear-Bearer (level 13, -7/106 HPs)
             Began as a Demonspawn Abyssal Knight on Feb 4, 2016.
             Was the Champion of Lugonu.
             Mangled by a harpy (15 damage)
             ... summoned by Kirke
             ... on level 5 of the Lair of Beasts on Feb 5, 2016.
             The game lasted 02:38:33 (21370 turns).

Foomius the Spear-Bearer (DsAK)                    Turns: 21370, Time: 02:38:33

Health: -7/106     AC:  0    Str: 13    XL:     13   Next: 38%
Magic:  0/19       EV: 18    Int: 17    God:    Lugonu [******]
Gold:   1428       SH:  0    Dex: 14    Spells: 0 memorised, 12 levels left

rFire  . . .     SeeInvis .     (weapon currently unavailable)
rCold  . . .     Gourm    .     (armour currently unavailable)
rNeg   . . .     Faith    .     (shield currently unavailable)
rPois  .         Spirit   +     (helmet currently unavailable)
rElec  .         Dismiss  .     (cloak currently unavailable)
rCorr  .         Reflect  .     (gloves currently unavailable)
SustAt .         Harm     .     (boots currently unavailable)
MR     .....                    t - amulet of regeneration
Stlth  +.........               (ring currently unavailable)
                                (ring currently unavailable)

@: pig-form, slowed, glowing, not resistant to hostile enchantments, very
unstealthy
A: (talons 0), powered by death 2, magic shield, (sturdy frame 0)
a: Depart the Abyss, Bend Space, Banish, Corrupt, Enter the Abyss, Brand Weapon
With Distortion, Renounce Religion


You were on level 5 of the Lair of Beasts.
You worshipped Lugonu.
Lugonu was exalted by your worship.
You were not hungry.
You were a filthy swine.
You visited 2 branches of the dungeon, and saw 16 of its levels.
You visited the Abyss 1 time.
You also visited: Bailey.

You collected 1428 gold pieces.

Inventory:

Hand Weapons
 a - a +2 spear of piercing (melded)
 b - a +0 hunting sling
 L - the +0 short sword "Jeleuloo" {antimagic, rC++}
   (You found it on level 5 of the Dungeon)

   It disrupts the flow of magical energy around spellcasters and certain
   magical creatures (including the wielder).
   It greatly protects you from cold.
 P - the +0 spear of the Ring {pierce, rPois rN+}
   (You found it on level 7 of the Dungeon)

   It inflicts extra damage upon your enemies.
   It protects you from poison.
   It protects you from negative energy.
Missiles
 d - 460 stones (quivered)
 x - 2 poisoned sling bullets
 z - 17 sling bullets
 J - 40 poisoned needles
Armour
 i - the +2 cloak of Starlight (melded) {rElec rC+ EV+4 Stlth--}
   (You found it in a bailey)

   It affects your evasion (+4).
   It protects you from cold.
   It insulates you from electricity.
   It makes you much less stealthy.
 A - a +0 ring mail of fire resistance
 B - a +0 shield (melded)
 E - a +2 helmet of see invisible (melded)
 W - a +0 pair of gloves (melded)
 X - a +3 leather armour of cold resistance (melded)
Magical Staves
 h - an uncursed staff of earth
 m - an uncursed staff of summoning
Rods
 H - a +1 rod of inaccuracy (14/14)
   (You found it on level 6 of the Dungeon)
Jewellery
 e - a ring of magical power (melded)
 k - an uncursed ring of fire
 o - an uncursed ring of positive energy
 r - a +3 ring of evasion (melded)
 t - an amulet of regeneration (around neck)
 y - an uncursed ring of flight
 T - an uncursed ring of sustain attributes
Wands
 p - a wand of slowing (5/48)
 C - a wand of flame (0/48)
 D - a wand of teleportation (3/9)
 F - a wand of lightning (3/15)
 V - a wand of acid (6/15)
Scrolls
 f - a scroll of recharging
 g - 6 scrolls of remove curse
 l - 3 scrolls of fog
 G - 6 scrolls of teleportation
 M - a scroll of identify
Potions
 j - a potion of lignification
 q - a potion of might {unknown}
 s - 4 potions of curing
 v - 2 potions of brilliance
 Q - a potion of invisibility
Comestibles
 c - 11 bread rations
 n - 2 chunks of flesh
 u - 2 royal jellies
 Z - 2 fruits


   Skills:
 + Level 11.4 Fighting
 - Level 12.0 Polearms
 - Level 5.0 Armour
 + Level 6.6 Dodging
 + Level 7.7 Shields
 - Level 8.4 Invocations
 - Level 8.0 Evocations


You had 12 spell levels left.
You didn't know any spells.

Dungeon Overview and Level Annotations

Branches:
Dungeon (10/15)            Temple (0/1) D:6            Lair (6/8) D:10
  Swamp (0/4) Lair:5       Spider (0/4) Lair:3        Slime (0/6) Lair:6
    Orc (0/2) D:9

Altars:
Dithmenos
Elyvilon
Fedhas
Kikubaaqudgha
Okawaru
Qazlal
Ru
Vehumet
Jiyva

Annotations:
Lair:5 exclusion: oklob plant, Kirke
Lair:6 1 runed door


Innate Abilities, Weirdness & Mutations

((You have razor-sharp toenails.))
You regenerate health from kills.
When hurt, damage is shared between your health and your magic reserves.
((Your movements are less encumbered by armour (ER -4).))


Message History

The harpy claws you! The harpy claws you.
The harpy screeches!
The harpy claws you!
* * * LOW HITPOINT WARNING * * *
The harpy misses you.
The harpy screeches!
The harpy misses you. x2; The harpy completely misses you.
The harpy claws you!
* * * LOW HITPOINT WARNING * * *
There is a stone staircase leading down, spattered with blood here.
Drink which item? (? for menu, Esc to quit)
You feel much better.
The harpy screeches!
The harpy claws you!
* * * LOW HITPOINT WARNING * * *
The harpy claws you!
* * * LOW HITPOINT WARNING * * *
The harpy barely misses you. The harpy claws you!
* * * LOW HITPOINT WARNING * * *
The harpy claws you!
You die...

#.........................#......
#.............#P...#..[..#.......
....#............P.#P.......P.##.
....#..........P............P.##.
........#.......P#.......#...P#..
.........................#.....P.
...................#P....##......
................PHH##.........PP.
...............PhP@#.....#.......
...............PPP..P....#......P
P..............P..........#.P..P.
..............P..................
....P........P...................
#................#....#...#...P..
........P.............#P.P#.P..#.
.......##...................#.##.
...##.⌠.##.......#.....P..#......


You could see Kirke and 2 harpies.

Vanquished Creatures
  Gastronok (Lair:2)
  5 hydras
  3 death yaks (Lair:5)
  An orb spider (Lair:3)
  Pikel (D:6)
  3 griffons
  Joseph (D:8)
  5 elephants
  Maurice (D:7)
  A black mamba (Lair:1)
  8 spiny frogs
  4 komodo dragons
  The ghost of Duffy the Skirmisher, a novice GrFi (D:5)
  A fire drake (Lair:6)
  2 polar bears (Lair:4)
  5 blink frogs (Lair:6)
  4 spriggans
  18 yaks
  A wyvern (D:8)
  Sigmund (D:3)
  2 hill giant zombies (D:9)
  6 hogs (Lair:5)
  3 basilisks
  4 hippogriffs
  3 hungry ghosts
  10 wolves
  15 water moccasins
  10 porcupines
  3 ice beasts
  13 orc warriors
  A black bear (Lair:6)
  2 phantoms
  A wasp (D:9)
  A necrophage (D:10)
  8 ogres
  A centaur (D:10)
  11 crocodiles
  12 giant frogs
  A scorpion (D:5)
  A wyvern skeleton (D:10)
  2 electric eels
  2 jellies
  8 crimson imps
  5 hounds
  A quasit (D:6)
  A wasp zombie (D:5)
  4 orc priests
  Crazy Yiuf (D:7)
  2 centaur skeletons
  2 giant frog skeletons
  5 orc wizards
  Natasha (twice) (D:3)
  8 iguanas
  A hell rat (D:10)
  Ijyb (D:3)
  8 worker ants
  12 sheep
  6 ogre zombies (D:9)
  A hound skeleton (D:9)
  A worker ant zombie (D:5)
  Robin (D:3)
  4 gnolls (D:3)
  12 adders
  43 river rats
  2 shadow imps
  An ooze (D:3)
  2 adder skeletons
  An adder zombie (D:10)
  6 worms
  10 giant geckos
  25 orcs
  A ball python (D:1)
  6 bats
  10 giant cockroaches
  21 goblins
  6 hobgoblins
  7 jackals
  7 quokkas
  2 giant gecko zombies
  3 giant newts
  2 goblin skeletons (D:9)
  4 goblin zombies (D:9)
  2 hobgoblin skeletons (D:9)
  4 hobgoblin zombies (D:9)
  11 kobolds
  4 orc skeletons (D:9)
  9 orc zombies (D:9)
  7 rats
  A fungus (Lair:6)
462 creatures vanquished.

Vanquished Creatures (others)
  3 orc knights (Bailey)
  A slave (D:7)
  A giant frog (D:7)
  An orc priest (D:8)
  A worker ant zombie (D:7)
  2 orcs (D:8)
  7 fungi
  8 plants
24 creatures vanquished.

Grand Total: 486 creatures vanquished

Notes
Turn   | Place    | Note
--------------------------------------------------------------
     0 | Abyss:1  | Foomius the Demonspawn Abyssal Knight began the quest for the Orb.
     0 | Abyss:1  | Reached XP level 1. HP: 18/18 MP: 2/2
    19 | D:1      | Escaped the Abyss
    39 | D:1      | Reached skill level 1 in Dodging
   228 | D:1      | Gained mutation: You have sharp toenails. [demonic ancestry]
   228 | D:1      | Reached XP level 2. HP: 24/24 MP: 3/3
   625 | D:2      | Found an ancient bone altar of Kikubaaqudgha.
   625 | D:2      | Found an iron altar of Okawaru.
   680 | D:2      | Reached ** piety under Lugonu
   709 | D:2      | Found a faded altar to an unknown god.
   767 | D:2      | Reached XP level 3. HP: 20/29 MP: 4/4
  1122 | D:2      | Found a shadowy altar of Dithmenos.
  1331 | D:3      | Noticed Natasha
  1565 | D:3      | Noticed Ijyb
  1579 | D:3      | Killed Ijyb
  1579 | D:3      | Gained mutation: Your movements are slightly less encumbered by armour (ER -2). [demonic ancestry]
  1579 | D:3      | Reached XP level 4. HP: 28/35 MP: 5/5
  1862 | D:3      | Gained mutation: You have razor-sharp toenails. [demonic ancestry]
  1862 | D:3      | Reached XP level 5. HP: 28/41 MP: 6/6
  1922 | D:3      | Noticed Sigmund
  2099 | D:4      | Reached skill level 4 in Polearms
  2106 | D:4      | Noticed an ogre
  2133 | D:4      | Killed an ogre
  2278 | D:4      | Found a white marble altar of Elyvilon.
  2634 | D:3      | Killed Natasha
  2634 | D:3      | Reached XP level 6. HP: 36/47 MP: 7/7
  2655 | D:3      | Noticed Robin
  2672 | D:3      | Reached *** piety under Lugonu
  2704 | D:3      | Killed Robin
  3025 | D:3      | Killed Sigmund
  3025 | D:3      | Reached skill level 5 in Polearms
  3025 | D:3      | Reached skill level 1 in Shields
  3180 | D:3      | Noticed Natasha
  3207 | D:3      | Killed Natasha
  3350 | D:3      | Gained mutation: Your movements are less encumbered by armour (ER -4). [demonic ancestry]
  3350 | D:3      | Reached XP level 7. HP: 49/52 MP: 8/8
  3619 | D:5      | Entered Level 5 of the Dungeon
  4607 | D:5      | Noticed Duffy's ghost (novice GrFi)
  4764 | D:5      | Killed Duffy's ghost
  4764 | D:5      | Reached skill level 6 in Polearms
  4987 | D:5      | Gained mutation: You regenerate a little health from kills. [demonic ancestry]
  4987 | D:5      | Reached XP level 8. HP: 49/58 MP: 8/10
  5007 | D:5      | Reached **** piety under Lugonu
  5007 | D:5      | Reached skill level 7 in Polearms
  5444 | D:5      | Got a dazzling short sword
  5445 | D:5      | Identified the +0 short sword "Jeleuloo" {antimagic, rC++} (You found it on level 5 of the Dungeon)
  5799 | D:6      | Identified a +1 rod of inaccuracy (14/14) (You found it on level 6 of the Dungeon)
  5834 | D:6      | Found a staircase to the Ecumenical Temple.
  6276 | D:6      | Reached skill level 1 in Evocations
  6444 | D:7      | Noticed Pikel
  6655 | D:6      | Killed Pikel
  6655 | D:6      | Reached XP level 9. HP: 58/66 MP: 11/11
  6858 | D:7      | Reached skill level 8 in Polearms
  6897 | D:7      | Got a slimy spear
  6898 | D:7      | Identified the +0 spear of the Ring {pierce, rPois rN+} (You found it on level 7 of the Dungeon)
  7121 | D:7      | Found a blossoming altar of Fedhas.
  7127 | D:7      | Found a stormy altar of Qazlal.
  7145 | D:7      | Found a sacrificial altar of Ru.
  7313 | D:7      | Reached skill level 5 in Fighting
  7313 | D:7      | Reached skill level 5 in Shields
  7520 | D:7      | Noticed Crazy Yiuf
  7528 | D:7      | Killed Crazy Yiuf
  7746 | D:8      | Noticed Maurice
  7949 | D:7      | Killed Maurice
  7964 | D:7      | Reached skill level 9 in Polearms
  8322 | D:8      | Reached ***** piety under Lugonu
  8356 | D:8      | Noticed Joseph
  8414 | D:8      | Killed Joseph
  8414 | D:8      | Gained mutation: When hurt, damage is shared between your health and your magic reserves. [demonic ancestry]
  8414 | D:8      | Reached XP level 10. HP: 61/76 MP: 13/13
  8904 | D:9      | Found a radiant altar of Vehumet.
  9250 | D:9      | Reached skill level 5 in Invocations
  9723 | D:9      | Reached skill level 10 in Polearms
  9921 | D:9      | Found a staircase to the Orcish Mines.
 10743 | D:10     | Entered Level 10 of the Dungeon
 10935 | D:10     | Found a flagged portal.
 10941 | Bailey   | Entered a bailey
 10941 | Bailey   | Noticed an orc knight
 10942 | Bailey   | Noticed an orc knight
 10943 | Bailey   | Noticed an orc knight
 10947 | Bailey   | Banished an orc knight
 11028 | Bailey   | Banished an orc knight
 11063 | Bailey   | Banished an orc knight
 11564 | D:10     | Found a blossoming altar of Fedhas.
 11672 | D:10     | Gained mutation: You regenerate health from kills. [demonic ancestry]
 11672 | D:10     | Reached XP level 11. HP: 84/84 MP: 14/14
 11815 | D:10     | Found a staircase to the Lair.
 11841 | D:10     | Noticed a death knight
 12395 | Lair:1   | Entered Level 1 of the Lair of Beasts
 13293 | Lair:1   | Reached skill level 11 in Polearms
 13685 | Lair:2   | Noticed a four-headed hydra
 13697 | Lair:2   | Killed a four-headed hydra
 13878 | Lair:2   | Reached ****** piety under Lugonu
 13954 | Lair:2   | Noticed Gastronok
 14291 | Lair:1   | Upgraded the game from 0.18-a0-1229-ge9a1a01 to 0.18-a0-1243-g9e52518
 14448 | Lair:2   | Noticed a four-headed hydra
 14894 | Lair:2   | Killed Gastronok
 14894 | Lair:2   | Reached skill level 5 in Evocations
 15011 | Lair:2   | Killed a four-headed hydra
 15636 | Lair:3   | Reached XP level 12. HP: 96/96 MP: 16/16
 16208 | Lair:3   | Found a hole to the Spider Nest.
 16218 | Lair:3   | Reached skill level 12 in Polearms
 16437 | Lair:3   | Reached skill level 10 in Fighting
 16813 | Lair:4   | Noticed an eight-headed hydra
 17199 | Lair:4   | Killed an eight-headed hydra
 18415 | Lair:5   | Found a sacrificial altar of Ru.
 18657 | Lair:5   | Found a staircase to the Swamp.
 19475 | Lair:6   | Found a runed door.
 19475 | Lair:6   | Found a viscous altar of Jiyva.
 19536 | Lair:5   | Reached skill level 5 in Dodging
 19571 | Lair:6   | Found a staircase to the Slime Pits.
 19571 | Lair:6   | Noticed an azure jelly
 20011 | Lair:6   | Noticed Kirke
 20128 | Lair:6   | Noticed a four-headed hydra
 20130 | Lair:6   | Killed a four-headed hydra
 20130 | Lair:6   | Reached XP level 13. HP: 106/106 MP: 19/19
 20384 | Lair:6   | Reached skill level 5 in Armour
 21370 | Lair:5   | Mangled by a harpy

Vault maps used:
D:1:      dpeg_arrival_fog
D:2:      overflow_temple_1_default, gammafunk_temple_overflow_wave,
          ecumenical_altar_2
D:3:      first_bread, gup_sewer_entry_bubbles, uniq_iyjb, uniq_sigmund,
          uniq_robin, uniq_natasha
D:4:      elyvilon_altar_5
D:6:      temple_pool_b, minmay_misc_feat_tiny
D:7:      grunt_temple_overflow_forces_of_nature, basic_altar, the_bakery,
          minivault_25, uniq_crazy_yiuf_cottage, uniq_pikel
D:8:      uniq_joseph, uniq_maurice
D:9:      vehumet_crystals, zombieorc2_lemuel
D:10:     dpeg_lair_monsters, enter_bailey_3, basic_altar
Lair:1:   hibernation_bobbens
Lair:2:   uniq_gastronok
Lair:3:   nicolae_spider_entry_orb_guardian, columned_hall_lemuel,
          small_statue_intersection, infiniplex_staircase_pool
Lair:4:   grunt_megastairs_2
Lair:5:   swamp_mist_pool, basic_altar, grunt_megastairs_3
Lair:6:   slime_altar_2, wad_woods_02, serial_bayou_shore_a, uniq_kirke
Bailey:   bailey_polearm_4, bailey

Action                   |  1- 3 |  4- 6 |  7- 9 | 10-12 | 13-15 || total
-------------------------+-------+-------+-------+-------+-------++-------
Melee: Spear             |   111 |   191 |   814 |  1995 |   387 ||  3498
       Halberd           |       |       |       |    45 |       ||    45
       Trident           |       |       |       |    15 |       ||    15
 Fire: Hunting sling     |    17 |    20 |   101 |   168 |    35 ||   341
       Arbalest          |       |       |       |    38 |       ||    38
Throw: Stone             |    17 |     9 |    58 |    51 |     5 ||   140
       Javelin           |       |       |     6 |    57 |       ||    63
Invok: Banish            |       |       |       |     7 |       ||     7
       Bend Space        |       |       |       |     2 |     5 ||     7
Evoke: Wand              |       |     6 |       |    60 |    13 ||    79
       Rod               |       |       |     2 |     6 |       ||     8
       Deck              |       |       |       |     4 |     5 ||     9
  Use: Potion            |       |     2 |       |     3 |     1 ||     6
       Scroll            |       |     3 |     8 |    16 |       ||    27
 Stab: Sleeping          |     2 |     1 |       |       |       ||     3
       Distracted        |       |     1 |       |     1 |       ||     2
  Eat: Pizza             |     1 |       |     1 |       |       ||     2
       Chunk             |       |     6 |    16 |    41 |     5 ||    68
       Bread ration      |       |       |       |     3 |       ||     3
       Beef jerky        |       |       |       |     3 |       ||     3
       Royal jelly       |       |       |       |     2 |       ||     2
       Fruit             |       |       |       |     1 |       ||     1
